 Dungeon Crawl Stone Soup version 0.31-a0-182-gc5ef74bbde (webtiles) character file.

Game seed: 9798083774814663703

20673 frimble the Blocker (level 12, -14/82 HPs)
             Began as an Octopode Warper on June 21, 2023.
             Was a High Priest of Cheibriados.
             Demolished by a two-headed ogre
             ... wielding a +0 giant club
              (15 damage)
             ... on level 1 of the Orcish Mines.
             The game lasted 00:21:40 (13809 turns).

frimble the Blocker (Octopode Warper)              Turns: 13809, Time: 00:21:40

Health: -14/82     AC:  5    Str: 25    XL:     12   Next: 82%
Magic:  12/18      EV: 18    Int: 40    God:    Cheibriados [*****.]
Gold:   845        SH: 10    Dex: 23    Spells: 10/19 levels left

rFire   + +          .
                       - Unarmed
rCold   + + .        y - +3 warlock's mirror {omnireflect}
rNeg    + . .        (helmet restricted)
rPois   +            (no amulet)
rElec   .            i - ring of protection from cold
rCorr   .            h - +4 ring of protection
SInv    +            g - ring of wizardry
Will    .....        I - ring of the Devil's Advocate {rF+ rC+}
Stlth   +++++        u - ring of protection from fire
HPRegen 0.33/turn    F - ring of Cyst {rPois rN+ Int+4 SInv Stlth-}
MPRegen 0.16/turn    l - ring "Jogaop" {+Blink Int+6 Stlth+}
                     J - +4 ring of slaying

%: reflection, wizardry (x1)
@: radiating poison, very slow
A: almost no armour, amphibious, 8 rings, camouflage 1, gelatinous body 1,
(nimble swimmer 1), tentacles
a: Renounce Religion, Evoke Blink, Bend Time, Temporal Distortion, Slouch, Step
From Time


You were on level 1 of the Orcish Mines.
You worshipped Cheibriados.
Cheibriados was extremely pleased with you.
You visited 3 branches of the dungeon, and saw 13 of its levels.
You also visited: Ossuary and Bailey.

You collected 845 gold pieces.

Inventory:

Missiles
 b - 6 boomerangs of dispersal
 M - 23 boomerangs
Armour
 y - the +3 warlock's mirror (worn) {omnireflect}
   (You acquired it on level 7 of the Dungeon)

   Omnireflect: It can block and reflect piercing ranged attacks and magical
   attacks against the wielder's willpower.
Jewellery
 g - a ring of wizardry (on tentacle)
 h - a +4 ring of protection (right tentacle)
 i - a ring of protection from cold (left tentacle)
 l - the ring "Jogaop" (on tentacle) {+Blink Int+6 Stlth+}
   (You found it on level 7 of the Dungeon)

   [ring of intelligence]

   Int:       It affects your intelligence (+6).
   +Blink:    It lets you blink.
   Stlth:     It makes you more stealthy.
 u - a ring of protection from fire (on tentacle)
 F - the ring of Cyst (on tentacle) {rPois rN+ Int+4 SInv Stlth-}
   (You found it on level 7 of the Dungeon)

   [ring of poison resistance]

   Int:       It affects your intelligence (+4).
   rPois:     It protects you from poison.
   rN:        It protects you from negative energy.
   SInv:      It lets you see invisible.
   Stlth:     It makes you less stealthy.
 H - the amulet "Guwustri" {*Corrode rC++ Regen+ Str+3}
   (You found it on level 7 of the Dungeon)

   [amulet of regeneration]

   Str:       It affects your strength (+3).
   rC:        It greatly protects you from cold.
   Regen:     It increases your rate of health regeneration.
   *Corrode:  It may corrode you when you take damage.
 I - the ring of the Devil's Advocate (on tentacle) {rF+ rC+}
   (You found it on level 7 of the Dungeon)

   [ring of protection from fire]

   rF:        It protects you from fire.
   rC:        It protects you from cold.
 J - a +4 ring of slaying (on tentacle)
 N - a ring of flight
Wands
 q - a wand of paralysis (21)
 t - a wand of acid (5)
 K - a wand of flame (21)
Scrolls
 a - 4 scrolls of blinking
 f - 3 scrolls of brand weapon
 m - 3 scrolls of enchant weapon
 n - 2 scrolls of poison
 s - 2 scrolls of fog
 v - a scroll of identify
 x - 4 scrolls of immolation
 E - 4 scrolls of teleportation
 G - 2 scrolls of vulnerability
Potions
 c - 2 potions of resistance
 d - 3 potions of attraction
 e - 2 potions of cancellation
 j - 2 potions of invisibility
 k - a potion of haste
 o - 7 potions of curing
 p - 3 potions of magic
 r - a potion of heal wounds
 w - 8 potions of degeneration
 z - 4 potions of mutation
 A - 3 potions of might
 B - a potion of brilliance
 C - 5 potions of enlightenment
 D - 3 potions of lignification
 L - a potion of ambrosia {unknown}


   Skills:
 + Level 7.8 Fighting
 - Level 1.0 Throwing
 - Level 6.4 Dodging
 - Level 6.2 Stealth
 + Level 9.3 Shields
 + Level 8.7 Unarmed Combat
 - Level 4.4 Spellcasting
 + Level 5.4 Translocations
 - Level 5.2 Transmutations
 - Level 8.1 Poison Magic
 + Level 6.6 Invocations
 - Level 4.6 Evocations


You had 10 spell levels left.
You knew the following spells:

 Your Spells              Type           Power      Damage    Failure   Level
a - Blink                 Tloc           100%       N/A       1%          2
b - Spider Form           Tmut/Pois      58%        N/A       1%          3
c - Olgreb's Toxic Radia  Pois           65%        N/A       1%          4

Your spell library contained the following spells:

 Spells                   Type           Power      Damage    Failure   Level
 Cigotuvi's Dreadful Rot  Necr/Pois/Air  60%        N/A       1%          2
 Lesser Beckoning         Tloc           100%       N/A       1%          2
 Passwall                 Tmut/Erth      24%        N/A       1%          2
 Portal Projectile        Hex/Tloc       60%        N/A       1%          3
 Teleport Other           Tloc           51%        N/A       1%          3
 Vhi's Electric Charge    Tloc/Air       60%        N/A       1%          3
 Manifold Assault         Tloc           51%        N/A       1%          4
 Ensorcelled Hibernation  Hex/Ice        16%        N/A       2%          2
 Scorch                   Fire           16%        2d6       2%          2
 Call Canine Familiar     Summ           8%         N/A       4%          3
 Swiftness                Air            8%         N/A       4%          3
 Anguish                  Hex/Necr       4%         N/A       14%         4
 Dispel Undead            Necr           8%         3d8       14%         4
 Flame Wave               Conj/Fire      8%         2d5       14%         4
 Leda's Liquefaction      Hex/Erth       4%         N/A       14%         4
 Death Channel            Necr           4%         N/A       88%         6
 Summon Cactus Giant      Summ           4%         N/A       88%         6
 Discord                  Hex            4%         N/A       100%        8
 Ignition                 Fire           4%         3d4       100%        8


Dungeon Overview and Level Annotations

Branches:
Dungeon (11/15)            Temple (1/1) D:5             Orc (1/2) D:11
Ossuary (visited)          Bailey (visited)
   Lair: D:8-11

Altars:
Ashenzari
Cheibriados
Dithmenos
Elyvilon
Fedhas
Gozag
Hepliaklqana
Kikubaaqudgha
Makhleb
Nemelex Xobeh
Okawaru
Qazlal
Ru
Sif Muna
Trog
Uskayaw
Vehumet
Wu Jian
Xom
Yredelemnul
Zin
The Shining One

Shops:
D:8 (*=

Portals:
Abyss: D:5

Annotations:
D:5 2 transporters, Smol's ghost, novice FoFi


Innate Abilities, Weirdness & Mutations

You cannot wear most types of armour.
You are amphibious.
You can wear up to eight rings at the same time.
Your skin changes colour to match your surroundings (Stealth+).
Your rubbery body absorbs attacks. (AC +1, EV +1)
((You are camouflaged when in or above water. (Stealth+)))
You have tentacles for arms and can constrict up to eight enemies at once.


Message History

Cheibriados appreciates the change of pace.
An orc warrior comes into view. It is wielding a +0 short sword.
You tentacle-slap the two-headed ogre.
The two-headed ogre is lightly wounded.
A two-headed ogre comes into view.
It is wielding a +0 giant spiked club and a +2 dire flail of holy wrath.
The ogre mage casts a spell at the two-headed ogre.
The two-headed ogre seems to speed up.
You block the two-headed ogre's attack. x2
You bludgeon the two-headed ogre!
The two-headed ogre is moderately wounded.
You block the orc's attack.
The orc priest calls down the wrath of Beogh upon you.
You resist with significant effort.
You bludgeon the two-headed ogre!
The two-headed ogre is heavily wounded.
The two-headed ogre hits you with a +0 giant club!!
The two-headed ogre misses you.
The ogre mage mumbles some strange words.
The ogre mage flickers and vanishes for a moment.
The orc hits you with a +0 flail.
You are too injured to fight recklessly!
You are too injured to fight recklessly!
You are too injured to fight recklessly!
You are too injured to fight recklessly!
Casting: Olgreb's Toxic Radiance (mildly dangerous; 1% risk of failure)
Press: ? - help, Q - select action, (/) - cycle Dir - look around, f - activate You begin to radiate toxic energy.
The ogre mage is poisoned.
The two-headed ogre is poisoned.
The two-headed ogre is poisoned. x5; The orc priest is poisoned.
The orc is poisoned.
The orc warrior is poisoned.
The two-headed ogre looks even sicker. x2; The orc priest looks even sicker.
The orc looks even sicker.
The orc warrior looks even sicker.
The two-headed ogre hits you with a +0 giant club!!
The two-headed ogre hits you with a +0 giant spiked club!!
* * * LOW HITPOINT WARNING * * *
The orc closely misses you.
The orc priest miscasts a cantrip.
You block the two-headed ogre's attack.
The two-headed ogre hits you with a +0 giant spiked club!
You die...

.#....##.........#.#
##....#............
##...............#
#...............##
#....#...........#
.........).......###
#.....).†..#....##.##.#.
###.........##..#OO.....
#.#.......###.)@OO.....
#.........###.#.ooO.#O..
#.........##........#
#.....##.###.......Oo.
........## ##.#.)..o..#
........ ............
##...........
...#..#....


You could see 6 two-headed ogres, an ogre mage (invisible, poisoned), an orc
warrior (very poisoned), an orc priest (very poisoned) and 2 orcs.

Vanquished Creatures
  An ogre mage (D:10)
  A boulder beetle (D:10)
  9 two-headed ogres
  An orc high priest (Orc:1)
  A cyclops (D:7)
  2 gargoyles (D:10)
  3 kobold demonologists
  A komodo dragon (D:7)
  5 trolls
  3 shadows
  5 wyverns
  11 yaks
  A basilisk (D:7)
  5 wraiths
  2 steam dragons
  Edmund (D:5)
  A vampire mosquito (D:7)
  3 wargs (Orc:1)
  5 acid dragons
  2 water moccasins
  11 orc warriors
  2 ice beasts (D:6)
  3 sky beasts
  A black bear (D:7)
  5 ogres
  7 centaurs
  4 kobold brigands
  2 phantoms (D:5)
  5 bullfrogs
  4 elf skeletons (D:5)
  A gnoll sergeant (D:10)
  4 scorpions
  A killer bee (D:10)
  6 howler monkeys (D:10)
  A hound (D:7)
  4 human zombies
  3 jellies
  6 orc priests
  A centaur zombie (Ossuary)
  2 sleepcaps
  A gnoll bouda (D:10)
  2 human skeletons (D:5)
  3 iguanas
  6 orc wizards
  4 mummies (Ossuary)
  17 gnolls
  5 adders
  2 shadow imps
  4 white imps
  An ufetubus (D:7)
  2 worms
  3 dart slugs
  51 orcs
  5 endoplasms
  3 giant cockroaches
  A gnoll zombie (Ossuary)
  11 goblins
  11 hobgoblins
  5 jackals
  A quokka (D:5)
  16 ball pythons
  3 bats
  5 frilled lizards
  A hobgoblin zombie (Ossuary)
  35 kobolds
  3 orc zombies
  4 rats
341 creatures vanquished.

Notes
Turn   | Place    | Note
-------+----------+-------------------------------------------
     0 | D:1      | frimble the Octopode Warper began the quest for the Orb.
     0 | D:1      | Reached XP level 1. HP: 14/14 MP: 3/3
    71 | D:1      | Reached XP level 2. HP: 8/19 MP: 5/5
   440 | D:1      | Reached XP level 3. HP: 23/24 MP: 6/6
   634 | D:1      | Learned a level 2 spell: Blink
  1041 | D:2      | Learned a level 3 spell: Spider Form
  1066 | D:2      | Reached skill level 1 in Poison Magic
  1066 | D:2      | Reached XP level 4. HP: 9/29 MP: 7/7
  1163 | D:2      | Reached skill level 1 in Transmutations
  1262 | D:2      | Found a faded altar of an unknown god.
  1366 | D:2      | HP: 1/29 [gnoll/+0 halberd (7)]
  2031 | D:3      | Reached XP level 5. HP: 34/34 MP: 8/8
  2159 | D:3      | Found an ornate altar of the Wu Jian Council.
  2790 | D:4      | Reached XP level 6. HP: 39/39 MP: 5/9
  3634 | D:4      | Found an ancient bone altar of Kikubaaqudgha.
  3867 | D:5      | Entered Level 5 of the Dungeon
  3919 | D:5      | Reached XP level 7. HP: 45/45 MP: 6/10
  4151 | D:5      | Found a staircase to the Ecumenical Temple.
  4163 | D:5      | Reached skill level 5 in Unarmed Combat
  4296 | D:5      | Found a transporter.
  4397 | D:5      | Noticed Edmund
  4413 | D:5      | Killed Edmund
  4414 | D:5      | Reached skill level 5 in Poison Magic
  4441 | D:5      | Reached XP level 8. HP: 7/50 MP: 8/11
  4485 | D:5      | Found a sand-covered staircase.
  4505 | Ossuary  | Entered an ossuary
  4939 | Ossuary  | Learned a level 4 spell: Olgreb's Toxic Radiance
  5018 | D:5      | Reached skill level 5 in Transmutations
  5073 | D:5      | Found a one-way gate to the infinite horrors of the Abyss.
  5073 | D:5      | Noticed Smol's ghost (novice FoFi)
  5150 | D:5      | Found a transporter.
  5456 | D:6      | Noticed a yak
  5458 | D:6      | Noticed a yak
  5459 | D:6      | Noticed a yak
  5459 | D:6      | Noticed a yak
  5459 | D:6      | Noticed a yak
  5459 | D:6      | Noticed a yak
  5472 | D:6      | Killed a yak
  5473 | D:6      | Reached skill level 1 in Stealth
  5494 | D:6      | Killed a yak
  5495 | D:6      | Reached skill level 1 in Evocations
  5495 | D:6      | Reached XP level 9. HP: 43/55 MP: 9/12
  5510 | D:6      | Reached skill level 5 in Dodging
  5714 | Temple   | Entered the Ecumenical Temple
  5733 | Temple   | Became a worshipper of Cheibriados the Contemplative
  5868 | D:6      | Found a hide-covered altar of Uskayaw.
  6468 | D:7      | Noticed a cyclops
  6487 | D:7      | Killed a cyclops
  6488 | D:7      | Reached skill level 5 in Stealth
  6488 | D:7      | Reached XP level 10. HP: 11/64 MP: 11/15
  7376 | D:7      | Reached * piety under Cheibriados
  7814 | D:7      | Found a runed translucent door.
  7817 | D:7      | Found a runed translucent door.
  7817 | D:7      | Noticed a two-headed ogre
  8015 | D:7      | Identified a scroll of acquirement
  8015 | D:7      | Acquired the +3 warlock's mirror {omnireflect}
  8015 | D:7      | Found the +3 warlock's mirror {omnireflect}
  8033 | D:7      | Reached skill level 1 in Shields
  8195 | D:7      | Reached skill level 2 in Shields
  8199 | D:7      | Noticed a kobold demonologist
  8203 | D:7      | Reached ** piety under Cheibriados
  8213 | D:7      | Reached skill level 3 in Shields
  8229 | D:7      | Killed a kobold demonologist
  8344 | D:7      | Reached skill level 4 in Shields
  8362 | D:7      | Reached skill level 5 in Shields
  8549 | D:7      | Identified the ring of Cyst {rPois rN+ Int+4 SInv Stlth-}
  8552 | D:7      | Identified the amulet "Guwustri" {*Corrode rC++ Regen+
                  | Str+3}
  8567 | D:7      | Reached skill level 6 in Shields
  8567 | D:7      | Reached XP level 11. HP: 45/70 MP: 12/17
  8702 | D:7      | Identified the ring "Jogaop" {+Blink Int+6 Stlth+}
  8705 | D:7      | Identified the ring of the Devil's Advocate {rF+ rC+}
  9046 | D:8      | Noticed an angel
  9046 | D:8      | Found a shimmering altar of Xom.
  9100 | D:8      | Found a glowing silver altar of Zin.
  9123 | D:8      | Reached skill level 7 in Shields
  9192 | D:8      | Reached skill level 5 in Fighting
  9377 | D:8      | Found Xoficvab's Assorted Antiques.
  9393 | D:8      | Found Pamynwapi's Antique Weapon Shoppe.
  9569 | D:8      | Found Omiamott's Magic Scroll Shoppe.
  9679 | D:8      | Found a broken altar of Ashenzari.
  9694 | D:8      | Reached skill level 1 in Invocations
  9826 | D:8      | Found Kocuihy's Jewellery Shop.
 10123 | D:9      | Reached *** piety under Cheibriados
 10294 | D:9      | Found a large runed translucent door.
 10294 | D:9      | Found a large runed translucent door.
 10637 | D:9      | Identified the +8 long sword "Hydraslayer" {heavy, rF+
                  | SInv}
 10869 | D:10     | Entered Level 10 of the Dungeon
 10918 | D:10     | Found a flagged portal.
 10924 | D:10     | Reached **** piety under Cheibriados
 10944 | Bailey   | Entered a bailey
 11451 | D:10     | Reached ***** piety under Cheibriados
 11471 | D:10     | Noticed a boulder beetle
 11479 | D:10     | Killed a boulder beetle
 11691 | D:10     | Reached skill level 8 in Shields
 11885 | D:10     | Noticed a two-headed ogre
 11886 | D:10     | Noticed an ogre mage
 11888 | D:10     | Noticed a two-headed ogre
 11931 | D:10     | Noticed a two-headed ogre
 11946 | D:10     | Killed a two-headed ogre
 12033 | D:10     | Noticed a two-headed ogre
 12043 | D:10     | Killed a two-headed ogre
 12045 | D:10     | Noticed a two-headed ogre
 12046 | D:10     | Noticed a two-headed ogre
 12049 | D:10     | Killed a two-headed ogre
 12050 | D:10     | Reached XP level 12. HP: 56/80 MP: 8/18
 12050 | D:10     | Killed a two-headed ogre
 12051 | D:10     | Reached skill level 5 in Invocations
 12051 | D:10     | Killed an ogre mage
 12054 | D:10     | Killed a two-headed ogre
 12054 | D:10     | Killed a two-headed ogre
 12604 | D:10     | Found a radiant altar of Vehumet.
 12605 | D:10     | Found a hazy altar of Hepliaklqana.
 13007 | D:11     | Noticed a two-headed ogre
 13019 | D:11     | Killed a two-headed ogre
 13020 | D:11     | Reached skill level 9 in Shields
 13023 | D:11     | Found a staircase to the Orcish Mines.
 13244 | D:9      | Found an iron altar of Okawaru.
 13244 | D:9      | Noticed a two-headed ogre
 13251 | D:9      | Killed a two-headed ogre
 13252 | D:9      | Reached skill level 5 in Translocations
 13255 | D:9      | Found a shadowy altar of Dithmenos.
 13346 | D:7      | Killed a two-headed ogre
 13618 | Orc:1    | Entered Level 1 of the Orcish Mines
 13618 | Orc:1    | Noticed an orc high priest
 13622 | Orc:1    | Noticed a sun demon
 13623 | Orc:1    | Noticed a soul eater
 13623 | Orc:1    | Killed an orc high priest
 13801 | Orc:1    | Noticed a two-headed ogre
 13801 | Orc:1    | Noticed a two-headed ogre
 13803 | Orc:1    | Noticed a two-headed ogre
 13803 | Orc:1    | Noticed a two-headed ogre
 13804 | Orc:1    | Noticed an ogre mage
 13804 | Orc:1    | Noticed a two-headed ogre
 13806 | Orc:1    | Noticed a two-headed ogre
 13809 | Orc:1    | HP: 1/82 [two-headed ogre/+0 giant club (30)]
 13809 | Orc:1    | Demolished by a two-headed ogre

Illustrated notes

Levels and vault maps discovered:
D:1:      elethiomel_arrival_shortcut, layout_loops_ring
D:2:      layout_loops_cross, shapermc_ecumenical_altar_mp_vishouse
D:3:      layout_basic, nicolae_wu_jian_immortal_techniques
D:4:      layout_loops_ring, lemuel_tele_altar, kennysheep_cross_bottleneck
D:5:      layout_cave_pools, minmay_temple_entry_junction_2,
          nicolae_ossuary_entry_catacombs, gammafunk_ghost_abyssal_escape,
          nicolae_titane, uniq_edmund
D:6:      layout_rooms, mainiacjoe_overflow_alcove_4
D:7:      minmay_the_grid_triangle_9x9_rhombus_full
          [minmay_the_grid_triangle_9x9_tough_junction,
          minmay_the_grid_triangle_9x9_minimal,
          minmay_the_grid_triangle_9x9_warning,
          minmay_the_grid_triangle_9x9_from_above,
          minmay_the_grid_triangle_9x9_alien,
          minmay_the_grid_triangle_9x9_thin_v,
          minmay_the_grid_triangle_9x9_wacky_v,
          minmay_the_grid_triangle_9x9_prize_special], layout_layer_cave,
          serial_bayou_pond_a
D:8:      layout_basic, grunt_temple_overflow_order_and_chaos_1,
          evilmike_ruin_ashenzari, serial_shops, shop, nicolae_shop_dealshenge,
          shop, shop
D:9:      layout_basic, jmf_multi_god_temple2
D:10:     nzn_winding_woodlands_small [nzn_winding_woodlands_5x15_pockets,
          nzn_winding_woodlands_center_garden,
          nzn_winding_woodlands_5x15_jagged], layout_basic,
          mainiacjoe_overflow_big_doors, enter_bailey_4
D:11:     layout_long_grid, hellmonk_lair_entry_icy, orc_0_dummy
Temple:   hellmonk_temple_two_chambers
Orc:1:    dreamdust_dug_too_deep, layout_caves

Skill      XL: |  1  2  3  4  5  6  7  8  9 10 11 12 |
---------------+-------------------------------------+-----
Unarmed Combat | 3 4 5 6 7 8 |  8.7
Poison Magic   | 1 2 3 4 5 6 7 8 |  8.1
Transmutations | 2 3 4 5 |  5.2
Dodging        | 3 4 6 |  6.4
Stealth        | 2 5 6 |  6.2
Evocations     | 1 3 4 |  4.6
Fighting       | 4 6 7 |  7.8
Spellcasting   | 3 4 |  4.4
Shields        | 6 8 9 |  9.3
Invocations    | 4 6 |  6.6
Translocations | 5 |  5.4
Throwing       | |  1.0

Action                     |  1- 3 |  4- 6 |  7- 9 | 10-12 || total
---------------------------+-------+-------+-------+-------++-------
  Melee: Unarmed           |    88 |   139 |   273 |   446 ||   946
         Constrict         |    27 |    14 |    18 |    44 ||   103
         Tentacles         |    21 |    15 |    19 |    87 ||   142
         Punch             |     2 |     3 |    10 |    13 ||    28
  Throw: Boomerang         |       |     1 |       |     7 ||     8
   Cast: Blink             |       |     1 |    10 |    12 ||    23
         Spider Form       |       |    12 |    24 |    16 ||    52
         Olgreb's Toxic Ra |       |       |       |    34 ||    34
 Invoke: Slouch            |       |       |       |     2 ||     2
Ability: End Transformatio |       |       |     1 |       ||     1
  Evoke: Wand              |       |       |     6 |    17 ||    23
    Use: Scroll            |     3 |     9 |     5 |    10 ||    27
         Potion            |       |       |     2 |     1 ||     3
   Stab: Sleeping          |     8 |     8 |     2 |     9 ||    27
         Paralysed         |       |       |    10 |     7 ||    17
         Distracted        |       |       |     1 |     2 ||     3
 Armour: Skin              |     5 |    28 |    44 |    51 ||   128
  Dodge: Dodged            |    43 |    91 |   190 |   304 ||   628
  Block: Buckler           |       |       |       |   122 ||   122
         Reflection        |       |       |       |    11 ||    11

Table legend: (Time is in decaauts)
 A = Elapsed time spent in this place.
 B = Non-inter-level travel time spent in this place.
 C = Inter-level travel time spent in this place.
 D = Time resting spent in this place.
 E = Time spent auto-exploring this place.
 F = Levels seen in this place.
 G = Mean time per level.
                   A        B        C        D        E       F      G
               +--------+--------+--------+--------+--------+-----+--------+
         Total |  16227 |  15450 |    777 |    181 |  12292 |  15 | 1081.8 |
       Dungeon |  14964 |  14202 |    762 |    155 |  11463 |  11 | 1360.4 |
        Temple |     27 |     13 |     14 |      0 |     10 |   1 |   27.0 |
  Orcish Mines |    216 |    216 |      0 |      0 |    142 |   1 |  216.0 |
       Ossuary |    493 |    493 |      0 |     26 |    313 |   1 |  493.0 |
        Bailey |    526 |    526 |      0 |      0 |    363 |   1 |  526.0 |
               +--------+--------+--------+--------+--------+-----+--------+

Top non-repeatable levels by time:
     D:7: 3618 daAuts
    D:10: 2633 daAuts
     D:8: 1428 daAuts
     D:9: 1276 daAuts
     D:5: 1167 daAuts
     D:4: 1116 daAuts
     D:2: 984 daAuts
     D:3: 903 daAuts
     D:1: 877 daAuts
     D:6: 760 daAuts
  Bailey: 526 daAuts
 Ossuary: 493 daAuts
   Orc:1: 216 daAuts
    D:11: 198 daAuts
  Temple: 27 daAuts
